 Dungeon Crawl Stone Soup version 0.19.4-8-ga85b6b9 (console) character file.

73 Grinner the Changer (level 4, 0/21 HPs)
             Began as a Spriggan Transmuter on Feb 13, 2017.
             Slain by Terence
             ... wielding a +3 trident of piercing
              (10 damage)
             ... on level 2 of the Dungeon.
             The game lasted 00:08:06 (3000 turns).

Grinner the Changer (Spriggan Transmuter)           Turns: 3000, Time: 00:08:07

Health: 0/21       AC:  2    Str:  4 (6)  XL:     4   Next: 8%
Magic:  7/9        EV: 19    Int: 12 (14) God:
Gold:   92         SH:  0    Dex: 15 (17) Spells: 3 memorised, 3 levels left

rFire  + . .     SeeInvis +       - Unarmed
rCold  x . .     Gourm    .     b - +0 robe
rNeg   . . .     Faith    .     (shield restricted)
rPois  .         Spirit   .     (helmet restricted)
rElec  .         Reflect  .     (no cloak)
rCorr  .         Harm     .     (gloves unavailable)
MR     .....                    (boots unavailable)
Stlth  +.........               (no amulet)
                                (no ring)
                                n - ring of fire

@: very slightly contaminated, hasted, very quick
A: unfitting armour, see invisible, herbivore 3, speed 3, slow metabolism 2
a: no special abilities


You were on level 2 of the Dungeon.
You were full.

You visited 1 branch of the dungeon, and saw 3 of its levels.

You collected 92 gold pieces.

Inventory:

Missiles
 a - 24 arrows
Armour
 b - a +0 robe (worn)
Jewellery
 n - a ring of fire (left hand)
Scrolls
 e - 2 scrolls of enchant armour {unknown}
 f - a scroll of identify {unknown}
 k - a scroll of amnesia {unknown}
 o - a scroll of remove curse {unknown}
Potions
 h - a potion of degeneration
 j - a potion of curing {unknown}
 l - a potion of might
 m - a potion of heal wounds {unknown}
Books
 c - a book of Changes

   Spells                             Type                      Level
   a - Beastly Appendage              Transmutation                1
   b - Sticks to Snakes               Transmutation                2
   c - Spider Form                    Transmutation/Poison         3
   d - Ice Form                       Ice/Transmutation            4
   e - Blade Hands                    Transmutation                5
Comestibles
 d - a bread ration


   Skills:
 - Level 0.7 Fighting
 + Level 4.1 Dodging
 + Level 2.7 Unarmed Combat
 + Level 3.2 Spellcasting
 * Level 4.2 Transmutations


You had 3 spell levels left.
You knew the following spells:

 Your Spells              Type           Power        Failure   Level  Hunger
d - Sticks to Snakes      Tmut           ##......     8%          2    ###....
s - Spider Form           Tmut/Pois      #.........   34%         3    ###....
z - Beastly Appendage     Tmut           ##....       4%          1    #......


Dungeon Overview and Level Annotations

Branches:
Dungeon (3/15)

Altars:
Dithmenos
Gozag
Nemelex Xobeh

Annotations:
D:2 Terence


Innate Abilities, Weirdness & Mutations

You are very small and have problems with some larger weapons.
You are too small for most types of armour.
You have supernaturally acute eyesight. (SInv)
You are a herbivore.
You cover ground extremely quickly.
You need consume almost no food.


Message History

You bump into the rock wall.
You feel less invigorated.
You feel less confused. Terence completely misses you.
Casting: Sticks to Snakes
Confirm with . or Enter, or press ? or * to list all spells.
You create a snake!
You now have 24 arrows.
Terence misses you.
You hit Terence but do no damage.
Terence is severely wounded.
Terence hits you with a trident of piercing!
You closely miss Terence.
Terence is severely wounded.
You hit Terence but do no damage.
Terence is severely wounded.
Terence misses you.
You hit Terence but do no damage.
Terence is severely wounded.
Your ball python closely misses Terence.
Your ball python grabs Terence.
Your ball python constricts Terence.
Terence hits you with a trident of piercing!
You die...

##..#.........# #... ...#
#...#.........# #... ...#
#.#.#..######## ##.# ...#
#.#.#...# #.# ...# ######
#.#.#...#### #.. ...#
#....###.#.#.......# ##.
...# #.##.#...#.#.......#
.
#######.##.#.###S#.......#
.
.......).(.....@@........#
.
###...#.##.#.###...##....#
# #.#.#..#.#.####### ....#
# #.#.##.#.......... ....#
###.#.##.#...#######
....#.##.#.###
....@....#...#
....†.######.#########
...#### #....@....#


You could see Terence and a friendly ball python.

Vanquished Creatures
  A gnoll (D:2)
  An adder (D:2)
  A dart slug (D:1)
  2 leopard geckos (D:1)
  5 bats
  4 goblins
  4 hobgoblins
  8 jackals
  2 kobolds
  A frilled lizard (D:1)
  6 rats
35 creatures vanquished.

Vanquished Creatures (collateral kills)
  2 gnolls (D:2)
  A worm (D:2)
  2 frilled lizards (D:2)
5 creatures vanquished.

Grand Total: 40 creatures vanquished

Notes
Turn   | Place    | Note
-------+----------+-------------------------------------------
     0 | D:1      | Grinner the Spriggan Transmuter began the quest for the Orb.
     0 | D:1      | Reached XP level 1. HP: 9/9 MP: 5/5
   452 | D:1      | Reached XP level 2. HP: 6/14 MP: 4/6
  1844 | D:1      | Reached XP level 3. HP: 11/17 MP: 6/8
  2197 | D:2      | Found a shadowy altar of Dithmenos.
  2240 | D:2      | Noticed Terence
  2430 | D:2      | Learned a level 3 spell: Spider Form
  2433 | D:2      | Learned a level 2 spell: Sticks to Snakes
  2516 | D:2      | Found a sparkling altar of Nemelex Xobeh.
  2516 | D:2      | Found an opulent altar of Gozag.
  2764 | D:2      | Reached XP level 4. HP: 15/21 MP: 3/9
  3000 | D:2      | Slain by Terence

Skill      XL: |  1  2  3 |
---------------+----------+-----
Transmutations | 3 4 |  4.2
Spellcasting   | 3 |  3.2
Dodging        | 4 |  4.1
Fighting       | |  0.7
Unarmed Combat | |  2.7

Action                   |  1- 3 |  4- 6 || total
-------------------------+-------+-------++-------
Melee: Unarmed           |   172 |    19 ||   191
       Kick              |    12 |       ||    12
       Headbutt          |    11 |     1 ||    12
 Cast: Beastly Appendage |    25 |     1 ||    26
       Sticks to Snakes  |     4 |     7 ||    11
  Use: Potion            |     3 |     2 ||     5
 Stab: Sleeping          |     1 |       ||     1
  Eat: Bread ration      |       |     1 ||     1
Armor: Robe              |    35 |       ||    35
Dodge: Dodged            |   244 |    16 ||   260
